Map: Heavy Artillery LE

Players

Massa - Winner!

  • Race: Terran Terran
  • League: Platinum
  • Spawn Location: 7:00

qqq - Winner!

  • Race: Zerg Zerg
  • League: Platinum
  • Spawn Location: 7:00

Nova

  • Race: Terran Terran
  • League: Diamond
  • Spawn Location: 3:00

Ganon

  • Race: Protoss Protoss
  • League: Diamond
  • Spawn Location: 1:00

VOD

Have the link to the VOD?

Description

Time

  • Played on: Dec. 5, 2020, 3:49 p.m.
  • Length: 10:02
Show
View Real Time Build Order
Export as new Build Order

Massa Terran - Winner!

Build Orders:  

Get SALT Encoding   

  12  0:00  SCV  
  13  0:12  SCV  
  14  0:25  SCV, Supply Depot  
  15  0:34  Refinery  
  15  0:47  SCV  
  15  0:48  Barracks  
  16  0:59  SCV  
  17  1:11  SCV  
  18  1:23  SCV  
  18  1:24  Barracks  
  19  1:28  Barracks  
  19  1:35  SCV  
  19  1:39  Supply Depot  
  20  1:41  Marine  
  21  1:49  SCV  
  22  1:59  Marine  
  23  2:02  Supply Depot  
  23  2:14  Orbital Command  
  23  2:15  Marine  
  23  2:18  Marine  
  23  2:22  Marine  
  26  2:33  Marine  
  26  2:36  Marine  
  28  2:40  Marine  
  29  2:51  Marine  
  29  2:53  Marine  
  29  2:54  Factory  
  29  2:58  Supply Depot  
  31  3:00  Marine  
  32  3:09  Marine  
  32  3:11  Marine  
  34  3:17  Marine  
  35  3:27  Marine  
  35  3:29  Marine  
  35  3:33  Command Center  
  37  3:40  Starport  
  37  3:41  Marine  
  32  4:25  Marine x3  
  27  4:40  Factory Tech Lab  
  27  4:41  Medivac  
  27  4:43  SCV, Marine x3  
  33  4:47  Orbital Command  
  33  4:55  SCV  
  34  5:01  Marine x3  
  37  5:07  SCV  
  37  5:19  Marine x3  
  37  5:20  Siege Tank  
  43  5:22  Medivac  
  45  5:28  SCV x2  
  45  5:35  Barracks  
  47  5:37  Marine x3  
  47  5:40  SCV  
  47  5:41  SCV  
  50  5:53  SCV x2  
  52  6:05  SCV, Marine x2  
  52  6:06  Marine  
  53  6:23  Marine x3  
  49  6:39  Barracks Tech Lab  
  48  6:41  Marine x3  
  51  6:47  Liberator  
  51  6:52  Siege Tank  
  57  6:57  Refinery  
  57  6:59  Marine x3  
  60  7:10  Marauder  
  60  7:15  Stimpack  
  62  7:16  Command Center  
  62  7:25  Supply Depot  
  62  7:26  Supply Depot  
  62  7:27  Engineering Bay  
  62  7:28  Supply Depot  
  62  7:29  Refinery  
  62  7:31  Supply Depot  
  62  7:47  SCV x2, Marauder, Marine x3  
  69  7:53  Supply Depot  
  69  7:55  Medivac  
  71  7:59  SCV x2  
  71  8:05  Marine  
  74  8:11  SCV x2  
  76  8:16  Marauder, Marine x2  
  80  8:22  Marine  
  81  8:34  Marine  
  81  8:37  Marauder  
  84  8:54  Marine x3  
  87  8:59  Marauder  
  87  9:02  Liberator  
  89  9:11  Marine  
  89  9:12  Marine  
  91  9:20  Marauder  
  93  9:36  Marine  
  94  9:39  SCV x2  
Show
View Real Time Build Order
Export as new Build Order

qqq Zerg - Winner!

Build Orders: Hatch First 

Get SALT Encoding   

  12  0:00  Drone  
  13  0:12  Drone  
  14  0:18  Overlord  
  14  0:45  Hatchery  
  14  0:49  Drone  
  14  0:59  Drone  
  14  1:00  Drone  
  16  1:12  Drone x2  
  18  1:28  Spawning Pool  
  18  1:31  Extractor  
  16  1:38  Drone  
  17  1:40  Drone  
  18  1:57  Drone x2  
  20  2:17  Drone  
  20  2:18  Drone, Queen  
  20  2:19  Queen  
  20  2:21  Overlord  
  27  2:22  Zergling x2  
  27  2:25  Drone  
  27  2:29  Overlord  
  28  2:36  Metabolic Boost  
  28  2:40  Extractor  
  28  2:44  Extractor  
  27  2:45  Drone x2  
  27  2:47  Zergling x2  
  30  2:52  Zergling x2  
  30  2:54  Zergling x2  
  32  2:59  Baneling Nest  
  32  3:00  Zergling x2  
  32  3:05  Zergling x2  
  32  3:12  Zergling x2  
  34  3:13  Zergling x2  
  35  3:23  Zergling x2  
  35  3:24  Zergling x2  
  37  3:28  Overlord  
  37  3:29  Zergling x4  
  37  3:33  Zergling x2, Overlord  
  41  3:34  Zergling x2  
  41  3:37  Zergling x2  
  41  3:38  Zergling x2  
  42  3:59  Zergling x8  
  42  4:00  Zergling x6  
  46  4:13  Zergling x4  
  46  4:14  Zergling x4  
  39  5:14  Zergling x10  
  39  5:15  Zergling x8  
  39  5:16  Zergling x6  
  46  5:33  Zergling x2  
  46  5:34  Zergling x2  
  47  5:42  Hatchery  
  44  5:47  Zergling x4  
  44  5:48  Overlord  
  46  5:53  Baneling x2  
  46  5:54  Baneling x3  
  34  6:26  Zergling x4  
  34  6:27  Zergling x10  
  34  6:28  Zergling x8  
  45  6:34  Baneling  
  45  6:35  Baneling x4  
  45  6:36  Zergling x6  
  45  6:37  Drone  
  45  6:39  Lair  
  41  7:05  Baneling x5  
  41  7:06  Baneling x7  
  41  7:08  Drone  
  41  7:09  Drone x6  
  41  7:10  Drone x2  
  41  7:11  Drone x3  
  53  7:15  Extractor  
  53  7:16  Drone  
  53  7:17  Queen  
  54  7:26  Extractor  
  53  7:40  Evolution Chamber  
  53  7:41  Evolution Chamber  
  51  7:50  Centrifical Hooks  
  51  7:53  Drone x6  
  51  7:54  Drone  
  51  7:55  Zergling x10  
  63  8:03  Overseer  
  63  8:07  Overlord x2  
  63  8:08  Zergling x2  
  63  8:09  Drone  
  65  8:17  Drone x3  
  65  8:18  Drone  
  69  8:39  Baneling  
  69  8:40  Baneling x2  
  69  8:41  Baneling x9  
  69  8:43  Drone x3  
  69  8:44  Drone x4  
  69  8:46  Extractor  
  69  8:47  Extractor  
  74  9:05  Zergling x8  
  78  9:11  Drone  
  78  9:12  Drone x2  
  78  9:16  Extractor, Overlord  
  79  9:34  Hatchery  
Show
View Real Time Build Order
Export as new Build Order

Nova Terran 

Build Orders:  

Get SALT Encoding   

  12  0:00  SCV  
  13  0:12  SCV  
  14  0:19  Supply Depot  
  14  0:25  SCV  
  15  0:40  SCV  
  16  0:49  Barracks  
  16  0:52  SCV  
  17  1:04  SCV  
  18  1:18  SCV  
  19  1:37  Orbital Command, Command Center  
  19  1:39  Marine  
  20  1:43  Supply Depot  
  20  1:56  Marine  
  21  2:13  Command Center  
  21  2:14  SCV  
  22  2:18  Marine  
  23  2:26  SCV  
  23  2:27  Supply Depot  
  24  2:36  Marine  
  25  2:38  SCV  
  26  2:50  SCV  
  27  2:54  Marine  
  28  3:02  SCV  
  30  3:06  Orbital Command  
  30  3:07  Barracks  
  30  3:12  Marine  
  30  3:13  Barracks  
  30  3:14  SCV  
  30  3:16  Barracks  
  31  3:26  Orbital Command, SCV  
  32  3:30  Marine  
  32  3:32  SCV  
  34  3:34  Refinery  
  34  3:35  Refinery  
  34  3:38  SCV  
  35  3:44  Refinery, SCV  
  35  3:45  Refinery  
  35  3:50  SCV  
  36  3:59  Marine x2  
  37  4:15  Supply Depot  
  36  4:18  Marine x2  
  36  4:23  Marine x2  
  33  4:34  Barracks  
  33  4:36  Marine x2  
  33  4:37  Supply Depot  
  33  4:40  Marine x2  
  32  4:53  Marine  
  32  4:54  Marine  
  32  4:58  Marine x2  
  26  5:08  SCV x2  
  26  5:11  Marine x2  
  30  5:16  SCV  
  30  5:20  SCV x2  
  33  5:31  Supply Depot  
  33  5:34  SCV x2  
  35  5:38  SCV  
  36  5:44  Supply Depot  
  36  5:46  SCV  
  36  5:47  SCV  
  36  5:48  Barracks Tech Lab  
  36  5:49  Barracks Tech Lab  
  38  5:50  SCV  
  38  5:55  Marine x2  
  41  5:58  SCV  
  41  5:59  SCV  
  41  6:02  SCV  
  44  6:07  Marine x2  
  44  6:10  SCV  
  48  6:11  SCV  
  48  6:13  Marine x2  
  47  6:24  Marine  
  47  6:25  Marine, Stimpack  
  49  6:26  SCV x2  
  49  6:30  Marine  
  49  6:31  Marine  
  53  6:35  SCV  
  53  6:38  SCV x2  
  53  6:39  Factory  
  56  6:43  Marine  
  56  6:44  Marine  
  58  6:48  SCV, Marine x2  
  58  6:50  SCV x2  
  63  7:10  Supply Depot  
  63  7:11  Bunker, Engineering Bay, Supply Depot  
  62  7:27  Factory Reactor  
  62  7:28  Starport  
  62  7:39  Missile Turret  
  62  7:44  Missile Turret  
  62  7:56  Marine, Supply Depot  
  62  7:57  Marine  
  61  8:02  Supply Depot  
  61  8:18  Supply Depot  
  61  8:19  Supply Depot  
  61  8:21  Factory Tech Lab  
  61  8:24  SCV x3, Marine x3  
  67  8:27  Supply Depot  
  67  8:30  Supply Depot  
  67  8:32  Barracks Reactor  
  67  8:35  Viking  
  67  8:39  SCV x3  
  67  8:40  Orbital Command  
  72  8:41  Marine  
  72  8:42  Marine  
  74  8:49  Viking  
  74  8:51  SCV x2  
  74  9:03  SCV x2  
  74  9:04  Barracks Reactor  
  74  9:05  Barracks Reactor  
  74  9:06  SCV  
  77  9:10  Viking  
  77  9:15  SCV x2  
  81  9:18  Viking  
  81  9:24  Marine x3  
  73  9:41  Marine  
  73  9:42  Marine x2  
Show
View Real Time Build Order
Export as new Build Order

Ganon Protoss 

Build Orders: Nexus First 

Get SALT Encoding   

  12  0:00  Probe  
  13  0:20  Probe  
  14  0:43  Probe  
  14  0:45  Pylon  
  15  0:57  Nexus  
  15  1:03  Probe  
  16  1:12  Gateway  
  16  1:34  Probe  
  16  1:39  Assimilator  
  17  1:41  Assimilator  
  17  1:46  Probe (Chrono Boost)  
  18  1:58  Probe (Chrono Boost)  
  18  1:59  Cybernetics Core  
  19  2:05  Probe (Chrono Boost)  
  20  2:14  Probe (Chrono Boost)  
  20  2:15  Probe (Chrono Boost)  
  23  2:24  Probe (Chrono Boost)  
  23  2:25  Probe (Chrono Boost)  
  24  2:31  Probe (Chrono Boost)  
  25  2:40  Probe  
  25  2:43  Warp Gate (Chrono Boost)  
  25  2:50  Stalker  
  25  2:51  Gateway x2  
  27  2:52  Probe  
  27  2:55  Gateway  
  28  2:59  Probe  
  28  3:04  Probe  
  30  3:16  Probe, Pylon  
  30  3:18  Probe  
  32  3:28  Probe  
  32  3:33  Robotics Facility  
  33  3:36  Probe  
  33  3:40  Shield Battery  
  34  3:42  Shield Battery  
  34  3:44  Gateway  
  30  4:14  Stalker x4  
  27  4:38  Sentry x3  
  20  5:33  Zealot x4  
  6  6:47  Probe (Chrono Boost)  
  7  6:58  Probe (Chrono Boost)  
  8  7:03  Probe (Chrono Boost)  
  9  7:13  Probe (Chrono Boost)  
  10  7:22  Probe (Chrono Boost)  
  11  7:28  Probe (Chrono Boost)  
  12  7:40  Probe (Chrono Boost)  
  13  7:47  Probe (Chrono Boost)  
  14  7:54  Probe  
  15  8:05  Sentry x2  
  13  9:06  Probe (Chrono Boost)  
  14  9:16  Probe (Chrono Boost)  
  15  9:21  Probe (Chrono Boost)  
  16  9:32  Probe  
Tags
 
Add a new tag
Caveats
  • Supply blocks, unpowered buildings, or Contaminate may cause inaccurate times.
  • Supply counts are checked every 10 seconds.